 Dungeon Crawl Stone Soup version 0.29.1-15-g9cfb28693d (webtiles) character file.

Game seed: 2177356849284477184

437 hawla the Poker (level 6, 0/56 HPs)
             Began as a Minotaur Berserker on Mar 8, 2023.
             Was a Priest of Trog.
             Slain by Pikel
             ... wielding a +2 whip of freezing
              (1 damage)
             ... on level 4 of the Dungeon.
             The game lasted 00:07:45 (3667 turns).

hawla the Poker (Minotaur Berserker)                Turns: 3667, Time: 00:07:45

Health: 0/56       AC: 13    Str: 23    XL:     6   Next: 69%
Magic:  5/5        EV:  9    Int:  4    God:    Trog [***...]
Gold:   171        SH:  0    Dex: 10    Spells: 5/5 levels left

rFire   . . .      SeeInvis .   a - +0 spear
rCold   . . .      Faith    .   (no shield)
rNeg    . . .      Spirit   .   b - +1 chain mail
rPois   .          Reflect  .   f - +1 hat
rElec   .          Harm     .   o - scarf {shadows}
rCorr   .          Rampage  .   (no gloves)
Will    .....                   c - +1 pair of boots
Stlth   ..........              (no amulet)
HPRegen 0.18/turn               (no ring)
MPRegen 0.09/turn               (no ring)

@: attractive
A: horns 2, retaliatory headbutt
a: Renounce Religion, Berserk, Trog's Hand


You were on level 4 of the Dungeon.
You worshipped Trog.
Trog was most pleased with you.
You visited 1 branch of the dungeon, and saw 4 of its levels.

You collected 360 gold pieces.
You spent 189 gold pieces at shops.

Inventory:

Hand Weapons
 a - a +0 spear (weapon)
 n - the +9 dagger of Qeumn {freeze, Str+3}
   (You took it off an orc on level 4 of the Dungeon)

   It freezes those it strikes, dealing additional cold damage.
   It can also slow down cold-blooded creatures.
   Str:       It affects your strength (+3).
Missiles
 g - 4 boomerangs
 i - 2 poisoned darts
 k - 2 curare-tipped darts (quivered)
Armour
 b - a +1 chain mail (worn)
 c - a +1 pair of boots (worn)
 f - a +1 hat (worn)
 o - a scarf of shadows (worn)
Jewellery
 p - a ring of protection from fire
Wands
 d - a wand of polymorph (17)
Scrolls
 j - 2 scrolls of identify
 m - a scroll of enchant armour
 q - a scroll of teleportation {unknown}
Potions
 h - 2 potions of curing
 l - a potion of might


   Skills:
 + Level 5.2 Fighting
 + Level 6.6 Polearms
 + Level 1.2 Throwing
 + Level 3.4 Armour
 + Level 3.3 Dodging
 + Level 1.4 Stealth
 + Level 0.9 Unarmed Combat


You had 5 spell levels left.
You didn't know any spells.
Your spell library was empty.

Dungeon Overview and Level Annotations

Branches:
Dungeon (4/15)             Temple (0/1) D:4

Altars:
Sif Muna

Shops:
D:3 ([

Annotations:
D:4 Pikel


Innate Abilities, Weirdness & Mutations

You have a pair of horns on your head.
You reflexively headbutt those who attack you in melee.


Message History

You throw a curare-tipped dart.
The curare-tipped dart closely misses Pikel.
Pikel hits you but does no damage. The lemure hits you but does no damage.
You closely miss Pikel.
Pikel is severely wounded.
Pikel hits you with a +2 whip of freezing.
* * * LOW HITPOINT WARNING * * *
Pikel freezes you.
* * * LOW HITPOINT WARNING * * *
The lemure barely misses you. You furiously retaliate!
You headbutt the lemure!
You feel better. Pikel hits you but does no damage. The lemure hits you.
* * * LOW HITPOINT WARNING * * *
You hit Pikel but do no damage. You headbutt Pikel, but do no damage.
Pikel is severely wounded.
Pikel waves his whip at you. Pikel hits you but does no damage.
The lemure hits you but does no damage.
Unknown command.
You closely miss Pikel.
Pikel is severely wounded.
Pikel attacks as you move away!
Pikel hits you with a +2 whip of freezing.
* * * LOW HITPOINT WARNING * * *
Pikel freezes you.
* * * LOW HITPOINT WARNING * * *
You feel better. Pikel completely misses you.
You hit Pikel but do no damage.
Pikel is severely wounded.
Pikel hits you but does no damage.
You hit Pikel.
Pikel is severely wounded.
Pikel hits you with a +2 whip of freezing.
* * * LOW HITPOINT WARNING * * *
Pikel freezes you.
* * * LOW HITPOINT WARNING * * *
You closely miss Pikel. You headbutt Pikel, but do no damage.
Pikel is severely wounded.
Pikel hits you with a +2 whip of freezing!
* * * LOW HITPOINT WARNING * * *
Pikel freezes you.
You die...

#.# #..#. #.#
#.# .#. #.#
..## #.# ...#
#.# ..(# #.#
...#
######.####5.#
#..
.........@K55#
#.#
######.#####.#
#.# #......# #
#.# #.######
#.# #.# #.# #.#
##.#####.######
...............
.....##########


You could see Pikel and 3 lemures.

Vanquished Creatures
  Grinder (D:4)
  A scorpion (D:4)
  Terence (D:2)
  5 adders
  3 gnolls (D:2)
  An ufetubus (D:4)
  A worm (D:2)
  A dart slug (D:1)
  6 orcs
  6 ball pythons
  3 endoplasms
  2 giant cockroaches
  5 goblins
  5 hobgoblins
  2 quokkas (D:2)
  2 bats
  10 frilled lizards
  10 kobolds
  5 rats
70 creatures vanquished.

Notes
Turn   | Place    | Note
-------+----------+-------------------------------------------
     0 | D:1      | hawla the Minotaur Berserker began the quest for the Orb.
     0 | D:1      | Reached XP level 1. HP: 19/19 MP: 0/0
   362 | D:1      | Found a faded altar of an unknown god.
   370 | D:1      | Reached skill level 4 in Polearms
   370 | D:1      | Reached XP level 2. HP: 27/27 MP: 1/1
   941 | D:2      | Noticed Terence
   951 | D:2      | Killed Terence
   952 | D:2      | Reached skill level 1 in Throwing
   952 | D:2      | Reached XP level 3. HP: 33/33 MP: 2/2
  1215 | D:2      | Reached ** piety under Trog
  1256 | D:2      | Reached XP level 4. HP: 25/41 MP: 3/3
  1257 | D:2      | Reached skill level 1 in Stealth
  2360 | D:3      | Reached skill level 5 in Polearms
  2455 | D:3      | Found Xouff's Antique Armour Shop.
  2473 | D:3      | Bought an embroidered hat for 189 gold pieces
  2609 | D:3      | Found Bustynn's Weapon Emporium.
  2738 | D:3      | Found a shimmering blue altar of Sif Muna.
  2776 | D:3      | Reached XP level 5. HP: 47/47 MP: 4/4
  3077 | D:4      | Identified the +1 leather armour "Loeng" {Str+4}
  3093 | D:4      | Noticed Grinder
  3119 | D:4      | Killed Grinder
  3120 | D:4      | Reached skill level 5 in Fighting
  3120 | D:4      | Reached skill level 6 in Polearms
  3120 | D:4      | Reached XP level 6. HP: 38/56 MP: 5/5
  3222 | D:4      | Identified the +9 dagger of Qeumn {freeze, Str+3}
  3402 | D:4      | Found a staircase to the Ecumenical Temple.
  3629 | D:4      | Reached *** piety under Trog
  3636 | D:4      | Noticed Pikel
  3667 | D:4      | HP: 1/56 [Pikel/+2 whip of freezing (9)]
  3667 | D:4      | Slain by Pikel

Illustrated notes

Levels and vault maps discovered:
D:1:      amcnicky_arrival_gap_in_the_tavern_cellar, layout_loops_corners,
          ebering_ecumenical_altar_box
D:2:      layout_loops_corners, uniq_terence
D:3:      layout_basic, nicolae_overflow_hidden_temple, serial_shops,
          nicolae_shop_hallway_stairs, shop, serial_bayou_crossing
D:4:      layout_loops_ring, temple_fountains, uniq_pikel, uniq_grinder

Skill      XL: |  1  2  3  4  5 |
---------------+----------------+-----
Polearms       | 4 5 6 |  6.6
Fighting       | 4 5 |  5.2
Throwing       | 1 |  1.2
Stealth        | 1 |  1.4
Armour         | 3 |  3.4
Dodging        | 3 |  3.3
Unarmed Combat | |  0.9

Action                   |  1- 3 |  4- 6 || total
-------------------------+-------+-------++-------
Melee: Spear             |    70 |   143 ||   213
       Headbutt          |     7 |    22 ||    29
       Unarmed           |       |    13 ||    13
Throw: Dart              |     2 |     1 ||     3
       Boomerang         |     1 |     2 ||     3
  Use: Scroll            |       |     7 ||     7
       Potion            |       |     4 ||     4
 Stab: Sleeping          |     4 |       ||     4
Armor: Animal skin       |     3 |     3 ||     6
       Chain mail        |       |    37 ||    37
       Skin              |       |     1 ||     1
Dodge: Dodged            |    28 |    50 ||    78
